 Dungeon Crawl Stone Soup version 0.27.0-1-g7a089689b8 (webtiles) character file.

Game seed: 9473645030938820921

268 sanka the Chiller (level 6, -3/43 (46) HPs)
             Began as a Human Arcane Marksman on July 31, 2021.
             Slain by a wight (9 damage)
             ... on level 3 of the Dungeon.
             The game lasted 00:12:17 (5206 turns).

sanka the Chiller (Human Arcane Marksman)           Turns: 5206, Time: 00:12:18

HP:   -3/43 (46)    AC:  4    Str: 12    XL:     6   Next: 45%
MP:   6/9           EV: 12    Int: 14    God:
Gold: 114           SH:  0    Dex: 13    Spells: 4/9 levels left

rFire    . . .     SeeInvis .   y - +0 war axe
rCold    . . .     Faith    .   (no shield)
rNeg     . . .     Spirit   .   n - +0 robe
rPois    .         Reflect  .   j - +0 helmet
rElec    .         Harm     .   (no cloak)
rCorr    .         Rampage  .   d - +0 pair of gloves
Will     .....                  (no boots)
Stlth    +.........             (no amulet)
HPRegen  0.14/turn              (no ring)
MPRegen  0.11/turn              (no ring)

@: freezing walls, drained
A: no striking features
a: no special abilities


You were on level 3 of the Dungeon.
You visited 1 branch of the dungeon, and saw 5 of its levels.

You collected 114 gold pieces.


   Skills:
 - Level 2.7 Fighting
 - Level 3.2 Throwing
 - Level 2.0 Dodging
 - Level 2.0 Spellcasting
 - Level 3.0 Hexes
 + Level 4.0 Ice Magic


You had 4 spell levels left.
You knew the following spells:

 Your Spells              Type           Power      Damage    Failure   Level
u - Frozen Ramparts       Ice            24%        1d4       14%         3
y - Freeze                Ice            48%        1d7       4%          1
z - Corona                Hex            10%        N/A       7%          1

Your spell library contained the following spells:

 Spells                   Type           Power      Damage    Failure   Level
 Slow                     Hex            9%         N/A       11%         2
 Static Discharge         Conj/Air       1%         N/A       34%         2
 Inner Flame              Hex/Fire       5%         N/A       36%         3
 Portal Projectile        Hex/Tloc       10%        N/A       36%         3
 Cause Fear               Hex            4%         N/A       56%         4
 Hailstorm                Conj/Ice       7%         3d4       71%         4
 Dispel Undead            Necr           1%         3d6       93%         4
 Sticky Flame             Conj/Fire      1%         2d3       93%         4

Inventory:

Hand Weapons
 r - a +0 flail
 y - a +0 war axe (weapon)
Missiles
 b - a javelin (quivered)
 c - a throwing net {=f}
 e - 95 stones
 t - 5 boomerangs
Armour
 d - a +0 pair of gloves (worn)
 j - a +0 helmet (worn)
 l - a +0 ring mail
 n - a +0 robe (worn)
 p - a +0 chain mail
Scrolls
 a - a scroll of torment {unknown}
 f - a scroll of immolation {unknown}
 g - a scroll of enchant armour {unknown}
 i - a scroll of fog {unknown}
 k - a scroll of identify {unknown}
 q - a scroll of noise {unknown}
 s - a scroll of vulnerability {unknown}
 x - a scroll of fear {unknown}
Potions
 m - a potion of resistance {unknown}
 o - a potion of cancellation {unknown}
 u - a potion of might {unknown}
 v - a potion of curing {unknown}
 w - a potion of brilliance {unknown}
 z - a potion of flight {unknown}
 A - a potion of lignification {unknown}

Dungeon Overview and Level Annotations

Branches:
Dungeon (5/15)
 Temple: D:4-7

Altars:
Dithmenos

▒▒▒▒▒▒▒ ▒.....▒
▒...>.▒ ▒...).▒ ▒▒▒
▒▒▒▒▒▒▒▒▒▒▒..<..▒
..▒▒
▒......p)...▒▒▒▒▒
...▒▒ ▒.......z.▒.▒
....▒ ▒.▒▒▒.▒▒▒...▒
....▒ ▒.▒ ▒.▒ ▒..▒▒
....▒ ▒▒.▒▒▒'▒▒▒..▒
...)▒▒▒▒▒..▒▒▒_+....▒
...........▒▒▒'▒▒▒..▒
....▒▒▒▒▒▒.▒ ▒.▒ ▒.▒▒
▒▒▒▒▒▒▒▒▒▒▒ ...▒▒
▒.▒▒▒.▒▒▒.▒
▒..........


You could see a wight.


Message History

You closely miss the wight.
The wight is moderately damaged.
The wight completely resists.
The wall freezes the wight but does no damage.
The wight hits you with a +3 battleaxe!
You feel drained.
The wight completely resists.
The wall freezes the wight but does no damage.
The wight hits you with a +3 battleaxe!
* * * LOW HITPOINT WARNING * * *
Unknown command.
Throw: 3 javelins
Aim: a wight, wielding a +3 battleaxe and wearing a +1 robe of fire resistance (moderately damaged, 59% to hit)
You throw a javelin.
The javelin pierces through the wight but does no damage.
The wight is moderately damaged.
The wight completely resists.
The wall freezes the wight but does no damage.
The wight hits you with a +3 battleaxe.
* * * LOW HITPOINT WARNING * * *
Unknown command.
Throw: 2 javelins
Aim: a wight, wielding a +3 battleaxe and wearing a +1 robe of fire resistance (moderately damaged, 59% to hit)
You throw a javelin.
The javelin pierces through the wight but does no damage.
The wight is moderately damaged.
The wight completely resists.
The wall freezes the wight but does no damage.
The wight hits you with a +3 battleaxe!
You die...

Action                   |  1- 3 |  4- 6 || total
-------------------------+-------+-------++-------
Melee: Unarmed           |    20 |       ||    20
       Short sword       |    89 |       ||    89
       Spear             |    19 |    40 ||    59
       Flail             |       |   102 ||   102
       War axe           |       |    24 ||    24
Throw: Stone             |    10 |       ||    10
       Javelin           |     9 |     5 ||    14
       Throwing net      |     2 |       ||     2
       Boomerang         |       |     6 ||     6
 Cast: Corona            |    31 |    22 ||    53
       Freeze            |       |    17 ||    17
       Frozen Ramparts   |       |     3 ||     3
  Use: Scroll            |       |     2 ||     2
Armor: Robe              |    31 |     3 ||    34
       Ring mail         |    32 |    77 ||   109
Dodge: Dodged            |    94 |   113 ||   207

Levels and vault maps discovered:
D:1:      dpeg_arrival_leaves_temple_mockup, layout_loops_ring,
          shapermc_ecumenical_altar_acropolis
D:2:      layout_loops_corners, kennysheep_boxes
D:3:      layout_rooms, lemuel_doored_altar, chequers_garden
D:4:      layout_gridville, okawaru_ov_weapons_minmay, serial_shops, shop,
          minmay_manual_mandibuliform
D:5:      kennysheep_six_static_rooms, layout_rooms,
          nicolae_yredelemnul_corpse_copse, serial_shops, nicolae_diamond_shop,
          kennysheep_little_box, nicolae_take_the_stairs, shop_fountains,
          nicolae_shop_overgrown_old_shop, uniq_grinder, uniq_edmund,
          uniq_crazy_yiuf_cottage

Notes
Turn   | Place    | Note
-------+----------+-------------------------------------------
     0 | D:1      | sanka the Human Arcane Marksman began the quest for the
                  | Orb.
     0 | D:1      | Reached XP level 1. HP: 15/15 MP: 2/2
   147 | D:1      | Found a faded altar of an unknown god.
   181 | D:1      | Reached XP level 2. HP: 8/21 MP: 3/3
   856 | D:1      | Reached skill level 2 in Fighting
   856 | D:1      | Reached XP level 3. HP: 27/27 MP: 1/4
  1613 | D:1      | Reached skill level 3 in Throwing
  1922 | D:2      | Reached XP level 4. HP: 30/34 MP: 2/5
  2579 | D:2      | Learned a level 1 spell: Freeze
  2583 | D:2      | Learned a level 3 spell: Frozen Ramparts
  3499 | D:3      | Reached skill level 1 in Ice Magic
  3564 | D:3      | Reached XP level 5. HP: 28/39 MP: 5/7
  3817 | D:3      | Found a shadowy altar of Dithmenos.
  4106 | D:3      | Reached skill level 2 in Spellcasting
  4106 | D:3      | Reached skill level 2 in Ice Magic
  4662 | D:4      | Reached XP level 6. HP: 36/46 MP: 9/9
  4684 | D:4      | Reached skill level 3 in Ice Magic
  4798 | D:5      | Entered Level 5 of the Dungeon
  5073 | D:5      | Reached skill level 4 in Ice Magic
  5076 | D:5      | Noticed a yak
  5077 | D:5      | Noticed a yak
  5077 | D:5      | Noticed a yak
  5078 | D:5      | Noticed a yak
  5101 | D:4      | Noticed a wyvern
  5206 | D:3      | Slain by a wight

Vanquished Creatures
  A bullfrog (D:4)
  An orc priest (D:4)
  2 orc wizards (D:3)
  3 adders
  3 dart slugs
  8 orcs
  8 ball pythons
  6 bats
  3 endoplasms
  3 giant cockroaches
  5 goblins
  9 hobgoblins
  8 jackals (D:1)
  3 quokkas
  3 frilled lizards
  10 kobolds
  7 rats
83 creatures vanquished.

Vanquished Creatures (others)
  A fungus (D:1)
1 creature vanquished.

Grand Total: 84 creatures vanquished
